 Dungeon Crawl Stone Soup version 0.23.2 (webtiles) character file.

Game seed: 9773967525148788339

33523 CapitaineHaddock06 the Unseen (level 13, -3/127 HPs)
             Began as a Naga Wanderer on Apr 7, 2019.
             Was an Initiate of Gozag.
             Slain by a black mamba (16 damage)
             ... on level 4 of the Lair of Beasts.
             The game lasted 00:52:36 (23313 turns).

CapitaineHaddock06 the Unseen (Naga Wanderer)      Turns: 23313, Time: 00:52:36

Health: -3/127     AC: 15    Str: 12    XL:     13   Next: 71%
Magic:  13/13      EV:  6    Int: 20    God:    Gozag
Gold:   3261       SH: 11    Dex: 19    Spells: 7/12 levels left

rFire    . . .     SeeInvis +   b - +9 dagger "Concordance" {venom, MR+ Dex+4}
rCold    . . .     Gourm    .   x - +0 shield
rNeg     + . .     Faith    .   m - +1 leather armour {MR+}
rPois    +         Spirit   .   H - +0 helmet
rElec    +         Reflect  .   y - +2 cloak
rCorr    .         Harm     .   (no gloves)
MR       +++..                  z - +1 naga barding
Stlth    ++++++++..             v - amulet of the acrobat
HPRegen  0.31/turn              P - +4 ring of dexterity
MPRegen  0.13/turn              G - ring of the Frog {Wiz rElec rN+}

@: lethally poisoned (-3 -> -5), gold aura, very slow
A: large, see invisible, deformed body, poison resistance, slowness 2, slow
metabolism 1, spit poison 1, constrict 1, AC +4
a: Spit Poison, Potion Petition, Call Merchant, Bribe Branch, Renounce Religion


You were on level 4 of the Lair of Beasts.
You worshipped Gozag.
Gozag was most pleased with you.
You were very hungry.

You visited 3 branches of the dungeon, and saw 18 of its levels.

You collected 3437 gold pieces.
You spent 90 gold pieces at shops.
You paid 86 gold pieces to Gozag.

Inventory:

Hand Weapons
 a - a +2 war axe of flaming
 b - the +9 dagger "Concordance" (weapon) {venom, MR+ Dex+4}
   (You found it on level 10 of the Dungeon)

   It poisons the flesh of those it strikes.
   It affects your dexterity (+4).
   It affects your resistance to hostile enchantments.
Missiles
 t - 539 stones (quivered)
 R - 2 throwing nets
Armour
 m - a +1 leather armour of magic resistance (worn)
 x - a +0 shield (worn)
 y - a +2 cloak (worn)
 z - a +1 naga barding (worn)
 H - a +0 helmet (worn)
 M - +0 pearl dragon scales
Jewellery
 g - an uncursed ring of positive energy
 v - an amulet of the acrobat (around neck)
 B - the amulet of Accord {Inacc +Blink rElec rF-}
   (You found it on level 5 of the Dungeon)

   [amulet of inaccuracy]

   It reduces the accuracy of all your attacks.
   It makes you vulnerable to fire.
   It insulates you from electricity.
   It lets you blink.
 F - an uncursed ring of resist corrosion
 G - the ring of the Frog (right hand) {Wiz rElec rN+}
   (You found it on level 8 of the Dungeon)

   [ring of wizardry]

   It improves your spell success rate.
   It insulates you from electricity.
   It protects you from negative energy.
 P - a +4 ring of dexterity (left hand)
 S - an uncursed ring of flight
 Z - an uncursed ring of wizardry
Wands
 l - a wand of iceblast (3)
 p - a wand of clouds (4)
 K - a wand of flame (1)
 L - a wand of disintegration (1)
 Q - a wand of digging (7)
Scrolls
 c - a scroll of vulnerability
 e - a scroll of summoning {unknown}
 h - 6 scrolls of enchant armour
 j - 5 scrolls of amnesia
 o - 6 scrolls of remove curse
 r - 2 scrolls of fear
 D - a scroll of noise {unknown}
 E - 3 scrolls of immolation
 T - 3 scrolls of enchant weapon
 V - 2 scrolls of teleportation
 W - a scroll of acquirement {unknown}
 Y - a scroll of magic mapping {unknown}
Potions
 d - a potion of might
 i - 3 potions of resistance
 k - 2 potions of cancellation
 n - a potion of invisibility
 q - 7 potions of curing
 u - 4 potions of flight
 w - 3 potions of heal wounds
 A - 3 potions of brilliance
 C - a potion of mutation
 I - 2 potions of agility
 J - a potion of haste
 N - 2 potions of magic
Miscellaneous
 s - a lamp of fire (inert)
 U - a phial of floods
 X - a phantom mirror
Comestibles
 f - 18 rations


   Skills:
 + Level 11.2 Fighting
 + Level 7.3 Short Blades
 - Level 3.7 Axes
 * Level 20.6 Stealth
 - Level 9.0 Shields
 - Level 1.0 Unarmed Combat
   Level 1.0 Conjurations
 - Level 5.1 Hexes
 - Level 2.0 Necromancy


You had 7 spell levels left.
You knew the following spells:

 Your Spells              Type           Power        Failure   Level  Hunger
a - Confusing Touch       Hex            ###...       1%          1    ##.....
b - Animate Skeleton      Necr           N/A          4%          1    ##.....
c - Apportation           Tloc           #.....       10%         1    ##.....
f - Blink                 Tloc           N/A          16%         2    ###....

Your spell library contained the following spells:

 Spells                   Type           Power        Failure   Level  Hunger
 Slow                     Hex            ###.....     1%          2    ###....
 Magic Dart               Conj           #...         6%          1    ##.....
 Beastly Appendage        Tmut           #.....       10%         1    ##.....
 Summon Small Mammal      Summ           #...         10%         1    ##.....
 Call Imp                 Summ           #.......     16%         2    ###....
 Sticks to Snakes         Tmut           #.......     16%         2    ###....
 Conjure Flame            Conj/Fire      #.......     24%         3    ####...
 Mephitic Cloud           Conj/Pois/Air  #.......     26%         3    ####...
 Spider Form              Tmut/Pois      #.........   28%         3    ####...
 Ice Form                 Ice/Tmut       #.......     65%         4    #####..
 Blade Hands              Tmut           #.........   92%         5    ######.


Dungeon Overview and Level Annotations

Branches:
Dungeon (13/15)            Temple (1/1) D:7            Lair (4/6) D:9
  Snake (0/4) Lair:4
  Swamp: Lair:2-4    Shoals: Lair:2-4       Orc: D:9-12      Vaults: D:13-14

Altars:
Ashenzari
Cheibriados
Dithmenos
Elyvilon
Fedhas
Gozag
Hepliaklqana
Kikubaaqudgha
Makhleb
Nemelex Xobeh
Okawaru
Qazlal
Ru
Sif Muna
Trog
Uskayaw
Vehumet
Wu Jian
Xom
Yredelemnul
Zin
The Shining One

Annotations:
D:7 1 runed translucent door, tensugalgo's ghost, novice OpFi
Lair:2 exclusion: hydra
Lair:4 exclusion: hydra


Innate Abilities, Weirdness & Mutations

You cannot wear boots.
Your serpentine skin is tough. (AC +4)
You have supernaturally acute eyesight. (SInv)
Armour fits poorly on your strangely shaped body.
Your system is resistant to poisons. (rPois)
You cover ground very slowly.
You have a slow metabolism.
You can spit poison.
You can use your snake-like lower body to constrict enemies.


Message History

You hit the black mamba. You grab the black mamba.
The black mamba is heavily wounded.
You constrict the black mamba, but do no damage.
The black mamba bites you!
* * * LOW HITPOINT WARNING * * *
You hit the black mamba.
The black mamba is heavily wounded.
You constrict the black mamba, but do no damage.
You feel sick.
The black mamba bites you but does no damage.
You hit the black mamba.
The black mamba is severely wounded.
You constrict the black mamba. The black mamba bites you.
* * * LOW HITPOINT WARNING * * *
You hit the black mamba.
The black mamba is almost dead.
You constrict the black mamba, but do no damage.
You feel sick. The black mamba bites you!
You die...
Your body crumbles into a pile of gold.

###P###.#...###.#................
# ### ####.#.###.....## #
#######....## # #.....# . ##...##
#....# ##...## #....# #@$..#
#$S$.## ##.$.# P..... .......
.P........ ........## $
..#...#.## $


You could see a black mamba.

Vanquished Creatures
  Harold (Lair:2)
  2 hydras
  A two-headed ogre (D:12)
  A centaur warrior (D:11)
  A tengu warrior (D:13)
  Nergalle (Lair:1)
  3 unseen horrors
  Pikel (D:6)
  A wolf spider zombie (D:12)
  2 cyclopes
  Maurice (D:11)
  2 black mambas
  6 elephants (Lair:4)
  4 spiny frogs
  A jumping spider (D:13)
  3 trolls
  A polar bear (Lair:3)
  A tyrant leech (Lair:2)
  3 hornets
  5 slime creatures (D:12)
  6 hippogriffs
  6 blink frogs
  4 redbacks (D:13)
  A spriggan (D:7)
  2 wyverns
  Grum (D:9)
  27 yaks
  2 hungry ghosts
  A soldier ant (D:12)
  A swamp worm (Lair:2)
  7 water moccasins
  8 porcupines
  A slave (D:6)
  5 sky beasts
  7 orc warriors
  2 ice beasts (D:10)
  2 phantoms
  2 black bears
  A hornet zombie (D:10)
  An eye of draining (D:11)
  20 wolves
  4 ogres
  4 centaurs
  5 big kobolds
  7 crocodiles
  A gnoll sergeant (D:9)
  13 bullfrogs
  4 scorpions
  6 killer bees (D:9)
  3 wights (D:8)
  7 howler monkeys
  4 crimson imps
  2 centaur zombies
  4 hounds
  A bullfrog skeleton (D:11)
  11 orc priests
  6 jellies
  2 centaur skeletons
  Jessica (D:2)
  4 iguanas
  9 orc wizards
  4 hell rats (Lair:3)
  8 worker ants
  A hound zombie (D:10)
  2 hound skeletons
  7 gnolls
  2 river rats (Lair:4)
  29 adders
  2 howler monkey skeletons (D:11)
  2 shadow imps
  An ooze (D:1)
  An adder zombie (D:7)
  4 worms
  3 dart slugs
  7 leopard geckos
  44 orcs
  5 bats
  7 giant cockroaches
  5 goblins
  9 hobgoblins
  7 jackals
  5 quokkas
  4 frilled lizards
  32 kobolds
  8 rats
  A fungus (Lair:2)
446 creatures vanquished.

Vanquished Creatures (collateral kills)
  A centaur warrior (D:13)
  A bullfrog (Lair:1)
2 creatures vanquished.

Vanquished Creatures (others)
  A shadow imp (D:6)
  12 fungi (Lair:2)
  11 plants
24 creatures vanquished.

Grand Total: 472 creatures vanquished

Notes
Turn   | Place    | Note
-------+----------+-------------------------------------------
     0 | D:1      | CapitaineHaddock06 the Naga Wanderer began the quest for
                  | the Orb.
     0 | D:1      | CapitaineHaddock06 set off with the following items: a +2
                  | dagger, a potion of berserk rage, 2 potions of
                  | lignification, a +0 robe, a ration
     0 | D:1      | Reached XP level 1. HP: 19/19 MP: 1/1
    16 | D:1      | Reached skill level 6 in Stealth
    30 | D:1      | Reached skill level 1 in Short Blades
    30 | D:1      | Reached XP level 2. HP: 22/26 MP: 2/2
   338 | D:1      | Reached XP level 3. HP: 33/33 MP: 3/3
  1164 | D:2      | Reached XP level 4. HP: 40/40 MP: 4/4
  1251 | D:2      | Reached skill level 1 in Shields
  1529 | D:2      | Noticed Jessica
  1532 | D:2      | Killed Jessica
  1643 | D:2      | Reached skill level 1 in Axes
  1643 | D:2      | Reached XP level 5. HP: 45/48 MP: 5/5
  2153 | D:3      | Found a hide-covered altar of Uskayaw.
  2393 | D:3      | Reached skill level 7 in Stealth
  2537 | D:3      | Reached XP level 6. HP: 40/56 MP: 6/6
  2683 | D:3      | Found a faded altar of an unknown god.
  2829 | D:3      | Found a stormy altar of Qazlal.
  3817 | D:4      | Reached skill level 8 in Stealth
  3997 | D:4      | Reached XP level 7. HP: 61/63 MP: 7/7
  4673 | D:4      | Found a shattered altar of Ashenzari.
  4723 | D:5      | Entered Level 5 of the Dungeon
  4800 | D:5      | Found an ancient bone altar of Kikubaaqudgha.
  4835 | D:5      | Got a coiled ruby amulet
  4850 | D:5      | Identified the amulet of Accord {Inacc +Blink rElec rF-}
                  | (You found it on level 5 of the Dungeon)
  4967 | D:5      | Reached skill level 9 in Stealth
  6015 | D:6      | Reached XP level 8. HP: 73/73 MP: 8/8
  6064 | D:6      | Noticed Pikel
  6069 | D:6      | Reached skill level 10 in Stealth
  6661 | D:6      | Killed Pikel
  6661 | D:6      | Reached skill level 5 in Fighting
  6661 | D:6      | Reached skill level 11 in Stealth
  7088 | D:6      | Found an ornate altar of the Wu Jian Council.
  7357 | D:7      | Found a runed translucent door.
  7357 | D:7      | Noticed tensugalgo's ghost (novice OpFi)
  7449 | D:7      | Found Zin's Purification Station.
  7449 | D:7      | Found a glowing silver altar of Zin.
  7580 | D:7      | Reached skill level 12 in Stealth
  7602 | D:7      | Bought a potion of curing for 90 gold pieces
  7682 | D:7      | Noticed a hornet
  7692 | D:7      | Killed a hornet
  7692 | D:7      | Reached XP level 9. HP: 26/82 MP: 9/9
  8018 | D:7      | Found a sacrificial altar of Ru.
  8267 | D:7      | Found a staircase to the Ecumenical Temple.
  8538 | Temple   | Entered the Ecumenical Temple
  8691 | Temple   | Became a worshipper of Gozag Ym Sagoz the Greedy
  8786 | D:8      | Got a scintillating turquoise ring
  8860 | D:8      | Found an iron altar of Okawaru.
  8935 | D:8      | Reached skill level 13 in Stealth
  9392 | D:8      | Noticed a two-headed ogre
  9599 | D:9      | Noticed Grum
  9619 | D:9      | Killed Grum
 10191 | D:9      | Reached skill level 5 in Shields
 10335 | D:9      | Noticed a hornet
 10350 | D:9      | Killed a hornet
 10350 | D:9      | Reached skill level 14 in Stealth
 10619 | D:9      | Identified the ring of the Frog {Wiz rElec rN+} (You found
                  | it on level 8 of the Dungeon)
 10629 | D:9      | Learned a level 1 spell: Confusing Touch
 10657 | D:9      | Reached XP level 10. HP: 89/92 MP: 10/10
 10699 | D:9      | Reached skill level 1 in Hexes
 11505 | D:9      | Found a staircase to the Lair.
 13314 | D:10     | Entered Level 10 of the Dungeon
 13347 | D:10     | Noticed an unseen horror
 13484 | D:10     | Noticed an unseen horror
 13573 | D:10     | Reached skill level 15 in Stealth
 13750 | D:10     | Killed an unseen horror
 13750 | D:10     | Reached skill level 5 in Hexes
 13950 | D:10     | Reached XP level 11. HP: 94/103 MP: 11/11
 14270 | D:10     | Noticed an eight-headed hydra
 14444 | D:10     | Got a sapphire dagger
 14488 | D:10     | Killed an unseen horror
 14946 | D:11     | Noticed Maurice
 14956 | D:11     | Noticed a centaur warrior
 14971 | D:11     | Killed Maurice
 14996 | D:11     | Killed a centaur warrior
 14996 | D:11     | Reached skill level 16 in Stealth
 15021 | D:11     | Noticed a cyclops
 15026 | D:11     | Killed a cyclops
 15337 | D:11     | Identified the +9 dagger "Concordance" {venom, MR+ Dex+4}
                  | (You found it on level 10 of the Dungeon)
 16188 | D:12     | Noticed a two-headed ogre
 16193 | D:12     | Killed a two-headed ogre
 16193 | D:12     | Reached skill level 17 in Stealth
 16333 | D:12     | Reached XP level 12. HP: 99/115 MP: 12/12
 16929 | D:13     | Noticed a tengu warrior
 16940 | D:13     | Killed a tengu warrior
 17326 | D:13     | Reached skill level 18 in Stealth
 17405 | D:13     | Reached skill level 10 in Fighting
 17459 | D:13     | Noticed a centaur warrior
 17475 | D:13     | Killed a centaur warrior
 17484 | D:13     | Reached skill level 5 in Short Blades
 17832 | Lair:1   | Entered Level 1 of the Lair of Beasts
 17850 | Lair:1   | Learned a level 1 spell: Animate Skeleton
 17886 | Lair:1   | Noticed Nergalle
 17889 | Lair:1   | Killed Nergalle
 18819 | Lair:1   | Reached skill level 19 in Stealth
 19273 | Lair:1   | You fall through a shaft!
 19298 | Lair:2   | Gained mutation: You can use your snake-like lower body to
                  | constrict enemies. [Naga growth]
 19298 | Lair:2   | Reached XP level 13. HP: 121/124 MP: 11/13
 21390 | Lair:2   | Noticed Harold
 21408 | Lair:2   | Killed Harold
 21432 | Lair:2   | Learned a level 2 spell: Blink
 21801 | Lair:3   | Reached skill level 20 in Stealth
 22665 | Lair:4   | Learned a level 1 spell: Apportation
 22728 | Lair:4   | Found a staircase to the Snake Pit.
 23313 | Lair:4   | Slain by a black mamba

Skill      XL: |  1  2  3  4  5  6  7  8  9 10 11 12 13 |
---------------+----------------------------------------+-----
Stealth        | 6 7 8 9 12 14 15 17 19 20 | 20.6
Short Blades   | 1 2 3 5 7 |  7.3
Shields        | 1 2 4 5 6 7 8 9 |  9.0
Axes           | 1 2 3 |  3.7
Fighting       | 3 4 5 6 8 9 10 11 | 11.2
Hexes          | 5 |  5.1
Unarmed Combat | |  1.0
Conjurations   | |  1.0
Necromancy     | |  2.0

Action                   |  1- 3 |  4- 6 |  7- 9 | 10-12 | 13-15 || total
-------------------------+-------+-------+-------+-------+-------++-------
Melee: Dagger            |   107 |    13 |   233 |   690 |   319 ||  1362
       War axe           |       |   158 |   136 |   136 |    13 ||   443
       Constrict         |       |       |       |       |    54 ||    54
Throw: Stone             |       |       |     4 |     2 |     7 ||    13
 Cast: Confusing Touch   |       |       |       |    27 |    12 ||    39
       Apportation       |       |       |       |       |     2 ||     2
       Blink             |       |       |       |       |     1 ||     1
Invok: Potion Petition   |       |       |       |     1 |       ||     1
 Abil: Spit Poison       |    17 |    23 |    33 |    23 |     3 ||    99
Evoke: Wand              |       |       |     1 |    28 |     2 ||    31
       Lamp of fire      |       |       |       |     1 |     1 ||     2
       Phial of floods   |       |       |       |     1 |       ||     1
  Use: Scroll            |       |     9 |     8 |    16 |     2 ||    35
       Potion            |       |       |     4 |     3 |     2 ||     9
 Stab: Sleeping          |     5 |     8 |    11 |    52 |    18 ||    94
       Distracted        |       |     2 |       |     8 |     1 ||    11
       Confused          |       |       |       |    13 |    14 ||    27
  Eat: Chunk             |     1 |     8 |     8 |       |       ||    17
       Ration            |       |       |     4 |     8 |     3 ||    15
Armor: Robe              |    32 |    78 |     1 |       |       ||   111
       Leather armour    |       |       |   100 |   230 |    72 ||   402
       Skin              |       |       |    31 |       |       ||    31
Dodge: Dodged            |    42 |    93 |   136 |   263 |    91 ||   625
Block: Buckler           |     9 |    37 |    89 |    38 |       ||   173
       Shield            |       |       |       |   257 |   143 ||   400
